 Dungeon Crawl Stone Soup version 0.26-a0-1026-g544776af23 (webtiles) character file.

Game seed: 12895131690485784333

36948 dolemite99 the Tortoise (level 13, -2/113 HPs)
             Began as a Minotaur Gladiator on Dec 10, 2020.
             Was an Elder of Cheibriados.
             Killed from afar by Jorgrun (19 damage)
             ... with an iron shot
             ... while petrified by Jorgrun
             ... on level 13 of the Dungeon.
             The game lasted 00:31:01 (18613 turns).

dolemite99 the Tortoise (Minotaur Gladiator)       Turns: 18613, Time: 00:31:02

Health: -2/113     AC: 32    Str: 34    XL:     13   Next: 55%
Magic:  0/18       EV: -1    Int: 15    God:    Cheibriados [****..]
Gold:   198        SH:  0    Dex: 22    Spells: 12/12 levels left

rFire    . . .     SeeInvis .   a - +3 lajatang (elec)
rCold    . . .     Faith    .   (shield currently unavailable)
rNeg     + + +     Spirit   +   p - +2 plate armour {rN+}
rPois    ∞         Reflect  .   c - +2 hat
rElec    .         Harm     .   L - +1 cloak
rCorr    .         Rampage  .   k - +1 pair of gloves
Will     .....                  F - +0 pair of boots {Stlth+}
Stlth    ..........             t - amulet of guardian spirit
HPRegen  0.28/turn              P - +4 ring of protection {=R}
MPRegen  0.16/turn              J - ring of positive energy

@: mighty, petrified, grasped by roots, constricted, very slow
A: retaliatory headbutt, horns 2
a: Bend Time, Temporal Distortion, Slouch, Renounce Religion


You were on level 13 of the Dungeon.
You worshipped Cheibriados.
Cheibriados was greatly pleased with you.
You visited 2 branches of the dungeon, and saw 15 of its levels.
You also visited: Bailey.

You collected 1477 gold pieces.
You spent 1279 gold pieces at shops.

Inventory:

Hand Weapons
 a - a +3 lajatang of electrocution (weapon)
 b - a +3 shortbow
 q - a +2 morningstar of flaming
 z - a +2 quarterstaff
 D - the +5 hand axe "Xorhiupo" {vorpal, rF+ Will+ Int+2 Dex+4}
   (You found it on level 9 of the Dungeon)

   It inflicts extra damage upon your enemies.
   It affects your intelligence (+2).
   It affects your dexterity (+4).
   It protects you from fire.
   It affects your willpower, your defense against some magical effects.
Missiles
 d - 275 stones (quivered)
 f - 2 throwing nets
 i - a silver boomerang
 m - 51 poisoned darts
 o - 284 arrows
 I - 16 boomerangs
Armour
 c - a +2 hat (worn)
 k - a +1 pair of gloves (worn)
 p - a +2 plate armour of positive energy (worn)
 F - a +0 pair of boots of stealth (worn)
 L - a +1 cloak (worn)
Magical Staves
 S - an uncursed staff of poison {unknown}
 Y - an uncursed staff of death {unknown}
Jewellery
 s - an uncursed ring of fire
 t - an amulet of guardian spirit (around neck)
 x - a +6 ring of strength
 y - a +6 ring of intelligence
 A - an uncursed amulet of the acrobat
 C - an uncursed amulet of magic regeneration
 H - an uncursed ring of wizardry
 J - a ring of positive energy (right hand)
 P - a +4 ring of protection (left hand) {=R}
Wands
 n - a wand of digging (7)
 T - a wand of polymorph (9)
 X - a wand of paralysis (4)
Scrolls
 e - 2 scrolls of teleportation
 j - 5 scrolls of remove curse {@r2}
 w - 2 scrolls of magic mapping
 G - 2 scrolls of amnesia
 Q - 2 scrolls of blinking
 U - 3 scrolls of fear
Potions
 g - a potion of lignification
 h - 6 potions of heal wounds
 l - 3 potions of curing
 u - 3 potions of mutation {unknown}
 v - a potion of attraction {unknown}
 E - 2 potions of flight {unknown}
 O - a potion of experience {unknown}
 Z - 3 potions of brilliance
Miscellaneous
 R - a phial of floods


   Skills:
 - Level 10.2 Fighting
 - Level 2.1(8.4) Maces & Flails
 - Level 12.3(12.4) Staves
 + Level 6.6 Bows
 - Level 7.2 Throwing
 - Level 16.0 Armour
 - Level 3.2 Dodging
 - Level 4.7 Shields
 - Level 9.2 Invocations


You had 12 spell levels left.
You didn't know any spells.
Your spell library contained the following spells:

 Spells                   Type           Power        Failure   Level
 Magic Dart               Conj           #...         75%         1
 Searing Ray              Conj           #.....       86%         2
 Sublimation of Blood     Necr           #.........   86%         2
 Dazzling Flash           Conj/Hex       #.....       98%         3
 Ignite Poison            Fire/Tmut/Pois #.......     98%         3
 Fulminant Prism          Conj/Hex       #.........   100%        4
 Iskenderun's Mystic Bla  Conj/Tloc      #.......     100%        4
 Petrify                  Tmut/Erth      #.......     100%        4
 Alistair's Intoxication  Tmut/Pois      #........    100%        5
 Irradiate                Conj/Tmut      #.........   100%        5
 Eringya's Noxious Bog    Tmut/Pois      #.........   100%        6


Dungeon Overview and Level Annotations

Branches:
Dungeon (13/15)            Temple (0/1) D:4            Lair (0/6) D:10
    Orc (2/2) D:11            Elf (0/3) Orc:2        Bailey (visited)
 Vaults: D:13-14

Altars:
Cheibriados
Dithmenos
Elyvilon
Kikubaaqudgha
Makhleb
Nemelex Xobeh
Qazlal
Ru
Sif Muna
Trog
Vehumet
Wu Jian
Yredelemnul
Zin
The Shining One

Shops:
D:11 [   Orc:2 [[[*

Annotations:
D:13 Jorgrun


Innate Abilities, Weirdness & Mutations

You reflexively headbutt those who attack you in melee.
You have a pair of horns on your head.


Message History

* * * LOW HITPOINT WARNING * * *
Jorgrun hits you but does no damage.
* * * LOW HITPOINT WARNING * * *
The grasping roots constrict you!
The centaur shoots an arrow.
The arrow hits you but does no damage.
A centaur comes into view. It is wielding a +0 hand axe.
Jorgrun hits you but does no damage.
* * * LOW HITPOINT WARNING * * *
The grasping roots constrict you.
The centaur shoots an arrow.
The arrow hits you.
* * * LOW HITPOINT WARNING * * *
The centaur unwields a +0 hand axe.
The centaur wields a +0 shortbow.
The centaur shoots an arrow.
The arrow hits you.
* * * LOW HITPOINT WARNING * * *
The orc throws a silver boomerang.
The silver boomerang hits you but does no damage.
The weapon returns to the orc!
Jorgrun gestures at you while chanting. The iron shot hits you!!!
You die...

#...#.......
#............
####.$.......g>..
#..).............
##...(..........Zo
#...(...........o.
#.........#..[.oF.
#.................
#@....c...........
#.g......c.........
#..................
........†....#.....
......o......
#.#...
..............
.##...
..............
.....((.).....
.......


You could see Jorgrun, 2 centaurs and an orc.

Vanquished Creatures
  An orc warlord (Bailey)
  Josephine (D:10)
  2 ogre magi (Orc:2)
  A death knight (D:12)
  11 two-headed ogres
  A skeletal warrior (D:12)
  An unseen horror (D:12)
  2 deep trolls (Orc:2)
  2 orc knights
  2 deep elf magi
  A phantasmal warrior (D:12)
  2 orc sorcerers
  2 cyclopes (Orc:2)
  An elephant (D:10)
  2 ugly things (D:12)
  A gargoyle (D:12)
  Maggie (D:7)
  11 trolls
  A hornet (D:10)
  8 slime creatures (D:12)
  A shadow (D:12)
  6 wraiths
  2 wyverns (D:10)
  13 yaks
  A basilisk (D:10)
  2 wargs
  Duvessa (D:5)
  2 hell hounds (Orc:2)
  A swamp drake (shapeshifter) (D:13)
  6 ice beasts
  4 black bears
  24 orc warriors
  2 sky beasts
  A necrophage (D:6)
  2 phantoms
  29 ogres
  5 centaurs
  6 big kobolds
  A gnoll sergeant (D:10)
  9 bullfrogs
  Dowan (D:5)
  2 wyvern skeletons
  7 scorpions
  7 wights
  4 howler monkeys
  A centaur zombie (D:5)
  2 bullfrog zombies
  A jelly (D:8)
  6 hounds
  24 orc wizards
  2 centaur skeletons
  A gnoll shaman (D:5)
  5 orc priests
  2 bullfrog skeletons
  2 iguanas
  Natasha (thrice) (D:2)
  7 worker ants
  A killer bee zombie (D:9)
  2 hound skeletons
  17 gnolls
  2 howler monkey skeletons
  14 adders
  A shadow imp (D:5)
  A white imp (D:5)
  An ufetubus (D:9)
  2 oozes (D:1)
  2 adder skeletons
  5 worms
  5 dart slugs
  3 leopard geckos
  110 orcs
  7 bats
  4 giant cockroaches
  9 goblins
  13 hobgoblins
  7 jackals
  46 kobolds
  5 quokkas
  2 ball pythons
  5 frilled lizards
  A quokka skeleton (D:9)
  14 rats
528 creatures vanquished.

Vanquished Creatures (others)
  A leopard gecko (D:7)
  A withered plant (D:4)
2 creatures vanquished.

Grand Total: 530 creatures vanquished

Notes
Turn   | Place    | Note
-------+----------+-------------------------------------------
     0 | D:1      | dolemite99 the Minotaur Gladiator began the quest for the
                  | Orb.
     0 | D:1      | Reached XP level 1. HP: 18/18 MP: 0/0
    62 | D:1      | Reached XP level 2. HP: 25/25 MP: 1/1
   205 | D:1      | Reached skill level 5 in Staves
   388 | D:1      | Reached XP level 3. HP: 30/30 MP: 2/2
   844 | D:2      | Noticed Natasha
   856 | D:2      | Killed Natasha
   857 | D:2      | Reached XP level 4. HP: 37/37 MP: 3/3
  1044 | D:2      | Noticed Natasha
  1174 | D:2      | Killed Natasha
  1201 | D:2      | Noticed Natasha
  1218 | D:2      | Killed Natasha
  1556 | D:2      | Reached XP level 5. HP: 34/42 MP: 4/4
  2351 | D:2      | Found a stormy altar of Qazlal.
  3406 | D:4      | Found an ancient bone altar of Kikubaaqudgha.
  3433 | D:3      | Reached XP level 6. HP: 24/50 MP: 2/5
  4192 | D:3      | Found a glowing silver altar of Zin.
  4331 | D:3      | Found a snail-covered altar of Cheibriados.
  4343 | D:3      | Became a worshipper of Cheibriados the Contemplative
  4717 | D:4      | Found a glowing golden altar of the Shining One.
  4726 | D:4      | Found a sacrificial altar of Ru.
  4797 | D:4      | Found a bloodstained altar of Trog.
  4817 | D:4      | Found a staircase to the Ecumenical Temple.
  5110 | D:5      | Entered Level 5 of the Dungeon
  5123 | D:5      | Found a burning altar of Makhleb.
  5126 | D:5      | Reached XP level 7. HP: 51/56 MP: 6/6
  5199 | D:5      | Reached skill level 10 in Staves
  5894 | D:5      | Noticed Duvessa
  5900 | D:5      | Noticed Dowan
  5923 | D:5      | Killed Duvessa
  5923 | D:5      | Reached * piety under Cheibriados
  5933 | D:5      | Reached XP level 8. HP: 46/62 MP: 5/7
  5949 | D:5      | Killed Dowan
  6502 | D:5      | Found a basalt altar of Yredelemnul.
  6559 | D:5      | Identified the +10 plate armour of the Abyss {Rampage Will-
                  | Str+3}
  6739 | D:5      | Found a shadowy altar of Dithmenos.
  6842 | D:5      | Found a radiant altar of Vehumet.
  7095 | D:6      | Reached skill level 5 in Fighting
  7996 | D:6      | Reached ** piety under Cheibriados
  8474 | D:6      | Reached XP level 9. HP: 78/78 MP: 8/8
  9045 | D:7      | Noticed Maggie
  9060 | D:7      | Killed Maggie
  9061 | D:7      | Reached skill level 10 in Fighting
  9282 | D:7      | Reached *** piety under Cheibriados
  9423 | D:7      | Reached skill level 1 in Shields
  9585 | D:7      | Found a white marble altar of Elyvilon.
  9592 | D:7      | Found an ornate altar of the Wu Jian Council.
 10465 | D:9      | Reached skill level 1 in Invocations
 10600 | D:9      | Reached **** piety under Cheibriados
 10643 | D:9      | Found a sparkling altar of Nemelex Xobeh.
 10727 | D:9      | Found a flagged portal.
 10734 | D:9      | Got a fine hand axe
 10737 | Bailey   | Entered a bailey
 10747 | Bailey   | Noticed an orc warlord
 10983 | Bailey   | Found a runed translucent gate.
 10983 | Bailey   | Found a runed translucent gate.
 11156 | Bailey   | Found a runed translucent gate.
 11168 | Bailey   | Reached XP level 10. HP: 93/93 MP: 11/11
 11214 | Bailey   | Killed an orc warlord
 11236 | Bailey   | Identified a scroll of acquirement
 11236 | Bailey   | Acquired a +3 lajatang of electrocution
 11765 | D:9      | Reached ***** piety under Cheibriados
 11769 | D:9      | Found a shimmering blue altar of Sif Muna.
 11938 | D:10     | Entered Level 10 of the Dungeon
 12161 | D:10     | Noticed an elephant
 12170 | D:10     | Killed an elephant
 12231 | D:10     | Identified the +5 hand axe "Xorhiupo" {vorpal, rF+ Will+
                  | Int+2 Dex+4} (You found it on level 9 of the Dungeon)
 12269 | D:10     | Found a staircase to the Lair.
 12329 | D:10     | Reached XP level 11. HP: 100/100 MP: 16/16
 12344 | D:10     | Noticed Josephine
 12348 | D:10     | Killed Josephine
 12349 | D:10     | Reached skill level 5 in Throwing
 12894 | D:11     | Reached ****** piety under Cheibriados
 12903 | D:11     | Found a staircase to the Orcish Mines.
 12945 | D:11     | Found Gefotyu's Armour Boutique.
 13464 | Orc:1    | Entered Level 1 of the Orcish Mines
 13464 | Orc:1    | Noticed an orc sorcerer
 13465 | Orc:1    | Noticed an orc knight
 13468 | Orc:1    | Noticed a soul eater
 13470 | Orc:1    | Reached skill level 1 in Armour
 13471 | Orc:1    | Reached skill level 2 in Armour
 13479 | D:11     | Killed an orc sorcerer
 13480 | D:11     | Reached skill level 3 in Armour
 13934 | D:11     | Reached skill level 4 in Armour
 13949 | Orc:1    | Killed an orc knight
 13950 | Orc:1    | Reached skill level 5 in Armour
 14272 | Orc:1    | Noticed an orc sorcerer
 14278 | Orc:1    | Killed an orc sorcerer
 14279 | Orc:1    | Reached skill level 6 in Armour
 14628 | Orc:2    | Entered Level 2 of the Orcish Mines
 14734 | Orc:2    | Noticed an ogre mage
 14742 | Orc:2    | Noticed a two-headed ogre
 14743 | Orc:2    | Reached skill level 7 in Armour
 14747 | Orc:2    | Noticed a two-headed ogre
 14752 | Orc:2    | Killed a two-headed ogre
 14753 | Orc:2    | Reached skill level 8 in Armour
 14756 | Orc:2    | Killed a two-headed ogre
 14758 | Orc:2    | Reached skill level 9 in Armour
 14759 | Orc:2    | Killed an ogre mage
 14760 | Orc:2    | Reached XP level 12. HP: 79/106 MP: 4/17
 14769 | Orc:2    | Noticed an ogre mage
 14779 | Orc:2    | Killed an ogre mage
 14780 | Orc:2    | Reached skill level 10 in Armour
 15210 | Orc:2    | Noticed a two-headed ogre
 15215 | Orc:2    | Noticed a two-headed ogre
 15215 | Orc:2    | Noticed a two-headed ogre
 15218 | Orc:2    | Killed a two-headed ogre
 15627 | Orc:2    | Noticed a two-headed ogre
 15632 | Orc:2    | Killed a two-headed ogre
 15633 | Orc:2    | Reached skill level 11 in Armour
 15641 | Orc:2    | Killed a two-headed ogre
 15655 | Orc:2    | Killed a two-headed ogre
 15656 | Orc:2    | Reached skill level 12 in Armour
 15702 | Orc:2    | Noticed a two-headed ogre
 15710 | Orc:2    | Killed a two-headed ogre
 15720 | Orc:2    | Reached skill level 13 in Armour
 15842 | Orc:2    | Noticed a two-headed ogre
 15856 | Orc:2    | Killed a two-headed ogre
 15886 | Orc:2    | Found Duud's Armour Boutique.
 15907 | Orc:2    | Reached skill level 14 in Armour
 15911 | Orc:2    | Found Ehuimot's General Store.
 15912 | Orc:2    | Found Arphyrim's Antique Armour Emporium.
 15914 | Orc:2    | Bought a +0 cloak for 63 gold pieces
 15926 | Orc:2    | Bought a potion of might for 60 gold pieces
 15926 | Orc:2    | Bought a scroll of fear for 52 gold pieces
 15926 | Orc:2    | Bought a wand of acid (8) for 360 gold pieces
 15926 | Orc:2    | Bought a potion of cancellation for 120 gold pieces
 15931 | Orc:2    | Found Jugept's Antique Armour Shop.
 15965 | Orc:2    | Found a staircase to the Elven Halls.
 16404 | Orc:2    | Bought a glowing plate armour for 624 gold pieces
 16576 | D:12     | Noticed a two-headed ogre
 16578 | D:12     | Noticed a death knight
 16585 | D:12     | Reached XP level 13. HP: 87/113 MP: 9/18
 16587 | D:12     | Reached skill level 15 in Armour
 17742 | D:12     | Reached skill level 16 in Armour
 17807 | D:12     | Reached skill level 1 in Bows
 18386 | D:13     | Noticed Jorgrun
 18401 | D:12     | Reached skill level 5 in Bows
 18613 | D:13     | Killed from afar by Jorgrun

Illustrated notes

Levels and vault maps discovered:
D:1:      dpeg_arrival_stonehenge_8_columns, layout_basic
D:2:      layout_loops_cross, nicolae_qazlal_eye_of_the_storm, uniq_natasha
D:3:      layout_rooms, lemuel_coloured_pillars_altar, zin_statuary,
          serial_rivers, chequers_serial_rivers_large_a,
          chequers_serial_rivers_small_b, chequers_serial_rivers_micro_c,
          chequers_serial_rivers_room_a, chequers_serial_rivers_small_b,
          chequers_serial_rivers_micro_b
D:4:      layout_basic, kennysheep_mini, kiku_gazebo_garden_becter, bloody_trog,
          kennysheep_little_box, minmay_temple_entry_purple_smoke,
          hangedman_abyss_or_decor_lesser_grid
D:5:      layout_loops_cross, lightli_temple_of_fire,
          nicolae_overflow_hidden_temple,
          nicolae_dithmenos_through_a_glass_darkly, marbit_many_paths,
          yredelemnul_altar_generic, uniq_duvessa
D:6:      layout_loops_ring
D:7:      layout_rooms, amethyst_overflow_temple_binary, grunt_decor_junction,
          uniq_maggie
D:8:      layout_basic
D:9:      layout_layer_cave, nemelex_xobeh_ov_fountains_minmay,
          lemuel_round_altar, enter_bailey_2
D:10:     layout_basic, david_lair_generic, minmay_misc_feat_rows,
          uniq_josephine
D:11:     layout_basic, orc_david_3
D:12:     layout_loops_cross
D:13:     layout_cave_pools, skrybe_vaults_entry_preservation, uniq_jorgrun
Orc:1:    layout_caves
Orc:2:    st_orc_open, layout_caves, enter_volcano_3

Skill      XL: |  1  2  3  4  5  6  7  8  9 10 11 12 13 |
---------------+----------------------------------------+-----
Staves         | 4 5 6 8 9 11 12 | 12.3
Fighting       | 7 10 | 10.2
Maces & Flails | 2 |  2.1
Shields        | 4 |  4.7
Invocations    | 3 9 |  9.2
Throwing       | 3 7 |  7.2
Armour         | 9 14 16 | 16.0
Bows           | 6 |  6.6
Dodging        | |  3.2

Action                   |  1- 3 |  4- 6 |  7- 9 | 10-12 | 13-15 || total
-------------------------+-------+-------+-------+-------+-------++-------
Melee: Quarterstaff      |    64 |   163 |   226 |       |       ||   453
       Headbutt          |    10 |    29 |    71 |    79 |    38 ||   227
       Unarmed           |       |     7 |       |       |       ||     7
       Morningstar       |       |       |    66 |    12 |       ||    78
       Lajatang          |       |       |       |   255 |   100 ||   355
 Fire: Shortbow          |       |       |       |       |    90 ||    90
Throw: Throwing net      |     7 |       |     2 |       |     4 ||    13
       Stone             |    31 |    42 |    28 |       |    15 ||   116
       Boomerang         |       |       |    38 |   276 |       ||   314
Invok: Slouch            |       |       |       |     9 |     6 ||    15
       Bend Time         |       |       |       |     1 |       ||     1
       Temporal Distorti |       |       |       |       |     2 ||     2
Evoke: Wand              |       |       |       |    13 |     1 ||    14
       Phial of floods   |       |       |       |     2 |       ||     2
  Use: Scroll            |       |     4 |    18 |     6 |     2 ||    30
       Potion            |       |       |     2 |     2 |     3 ||     7
 Stab: Held in net/web   |     1 |       |       |       |       ||     1
       Invisible         |       |       |     5 |     2 |       ||     7
Armor: Leather armour    |     7 |       |       |       |       ||     7
       Chain mail        |    27 |    78 |    69 |       |       ||   174
       Skin              |     3 |       |       |       |       ||     3
       Plate armour      |       |       |    86 |   166 |    94 ||   346
Dodge: Dodged            |    29 |    80 |   114 |   180 |    77 ||   480
Block: Kite shield       |       |       |    89 |     4 |       ||    93

Table legend: (Time is in decaauts)
 A = Elapsed time spent in this place.
 B = Non-inter-level travel time spent in this place.
 C = Inter-level travel time spent in this place.
 D = Time resting spent in this place.
 E = Time spent auto-exploring this place.
 F = Levels seen in this place.
 G = Mean time per level.
                   A        B        C        D        E       F      G
               +--------+--------+--------+--------+--------+-----+--------+
         Total |  23843 |  22065 |   1778 |   6176 |  11149 |  16 | 1490.2 |
       Dungeon |  19350 |  17872 |   1478 |   4677 |   9508 |  13 | 1488.5 |
  Orcish Mines |   3579 |   3280 |    299 |   1205 |   1410 |   2 | 1789.5 |
        Bailey |    913 |    913 |      0 |    293 |    230 |   1 |  913.0 |
               +--------+--------+--------+--------+--------+-----+--------+

Top non-repeatable levels by time:
     D:2: 2303 daAuts
    D:12: 2225 daAuts
     D:6: 2083 daAuts
   Orc:1: 2018 daAuts
     D:5: 1991 daAuts
    D:11: 1721 daAuts
   Orc:2: 1560 daAuts
    D:10: 1546 daAuts
     D:9: 1410 daAuts
     D:8: 1398 daAuts
     D:3: 1397 daAuts
     D:7: 1263 daAuts
     D:4: 1090 daAuts
  Bailey: 913 daAuts
     D:1: 827 daAuts
